 Dungeon Crawl Stone Soup version 0.27-a0-1442-g87b6fcb595 (webtiles) character file.

Game seed: 17395658736022715370

741 hatdisgam the Covert (level 7, -11/60 HPs)
             Began as a Gnoll Delver on July 4, 2021.
             Mangled by a two-headed ogre (19 damage)
             ... on level 5 of the Dungeon.
             The game lasted 00:07:36 (5756 turns).

hatdisgam the Covert (Gnoll Delver)                 Turns: 5756, Time: 00:07:36

Health: -11/60     AC:  3    Str: 11    XL:     7   Next: 75%
Magic:  11/11      EV: 13    Int: 11    God:
Gold:   140        SH:  0    Dex: 14    Spells: 11/11 levels left

rFire    . . .     SeeInvis .   o - +4 spear
rCold    . . .     Faith    .   (no shield)
rNeg     . . .     Spirit   .   b - +0 leather armour
rPois    .         Reflect  .   (no helmet)
rElec    .         Harm     .   (no cloak)
rCorr    .         Rampage  .   (no gloves)
Will     .....                  (no boots)
Stlth    ++++......             (no amulet)
HPRegen  0.20/turn              (no ring)
MPRegen  0.12/turn              (no ring)

@: mighty, hasted, very quick
A: fangs 1, strong nose, distributed training
a: no special abilities


You were on level 5 of the Dungeon.
You visited 1 branch of the dungeon, and saw 5 of its levels.

You collected 140 gold pieces.

Inventory:

Hand Weapons
 a - a +0 falchion
 o - a +4 spear (weapon)
Armour
 b - a +0 leather armour (worn)
Jewellery
 z - a ring of ice
Wands
 g - a wand of digging (2)
 y - a wand of flame (18)
Scrolls
 c - a scroll of fog
 d - 2 scrolls of magic mapping
 e - 3 scrolls of fear
 h - a scroll of amnesia {unknown}
 i - 2 scrolls of enchant weapon
 n - a scroll of summoning {unknown}
 p - a scroll of holy word {unknown}
 r - a scroll of vulnerability {unknown}
 s - 2 scrolls of noise {unknown}
 v - a scroll of teleportation {unknown}
 w - 2 scrolls of silence {unknown}
 x - a scroll of enchant armour {unknown}
 A - a scroll of brand weapon {unknown}
Potions
 j - a potion of ambrosia {unknown}
 k - a potion of heal wounds {unknown}
 l - a potion of magic {unknown}
 m - a potion of brilliance {unknown}
 q - a potion of degeneration {unknown}
 t - 4 potions of curing
 u - a potion of might


   Skills:
 + Level 7.1 Fighting
 + Level 2.7 Short Blades
 + Level 5.3 Long Blades
 + Level 2.7 Axes
 + Level 2.7 Maces & Flails
 + Level 2.7 Polearms
 + Level 2.7 Staves
 + Level 2.7 Slings
 + Level 2.7 Bows
 + Level 2.7 Crossbows
 + Level 2.7 Throwing
 + Level 2.7 Armour
 + Level 5.3 Dodging
 + Level 9.9 Stealth
 + Level 2.7 Shields
 + Level 2.7 Unarmed Combat
 + Level 2.7 Spellcasting
 + Level 2.2 Conjurations
 + Level 2.2 Hexes
 + Level 2.2 Summonings
 + Level 2.2 Necromancy
 + Level 2.2 Translocations
 + Level 2.2 Transmutations
 + Level 2.2 Fire Magic
 + Level 2.2 Ice Magic
 + Level 2.2 Air Magic
 + Level 2.2 Earth Magic
 + Level 2.2 Poison Magic
 + Level 3.0 Invocations
 + Level 2.7 Evocations


You had 11 spell levels left.
You didn't know any spells.
Your spell library was empty.

Dungeon Overview and Level Annotations

Branches:
Dungeon (5/15)
 Temple: D:4-7

Altars:
Elyvilon
Kikubaaqudgha
Nemelex Xobeh
Qazlal
Sif Muna
Vehumet

Shops:
D:1 (


Innate Abilities, Weirdness & Mutations

You have very sharp teeth.
Your uncanny sense of smell can sniff out nearby items.
Your experience applies equally to all skills.


Message History

Press: ? - help, Shift-Dir - straight line, f - two-headed ogre
Aim: a two-headed ogre, wielding two +0 giant clubs (86% to hit)
The puff of flame hits the two-headed ogre!
The two-headed ogre is lightly wounded.
Aiming: Throw Flame
Press: ? - help, Shift-Dir - straight line, f/p - two-headed ogre
Aim: a two-headed ogre, wielding two +0 giant clubs (lightly wounded, 86% to hit)
The puff of flame hits the two-headed ogre!
The two-headed ogre is moderately wounded.
Aiming: Throw Flame
Press: ? - help, Shift-Dir - straight line, f/p - two-headed ogre
Aim: a two-headed ogre, wielding two +0 giant clubs (moderately wounded, 86% to hit)
The puff of flame hits the two-headed ogre.
The two-headed ogre is heavily wounded.
Aiming: Throw Flame
Press: ? - help, Shift-Dir - straight line, f/p - two-headed ogre
Aim: a two-headed ogre, wielding two +0 giant clubs (heavily wounded, 86% to hit)
The puff of flame hits the two-headed ogre!
The two-headed ogre is heavily wounded.
An ice beast comes into view.
You see here a +0 giant club.
You reach to attack!
You barely miss the two-headed ogre.
The two-headed ogre is heavily wounded.
That's the wrong kind of item! (Use * to select it.) Evoke which item? (* to show all) (? for menu, Esc to quit)
Okay, then.
You feel very mighty all of a sudden.
The two-headed ogre hits you with a +0 giant club!
The two-headed ogre misses you.
You feel yourself speed up.
The two-headed ogre completely misses you.
The two-headed ogre hits you with a +0 giant club!!
You puncture the two-headed ogre!
The two-headed ogre is severely wounded.
You barely miss the two-headed ogre.
The two-headed ogre is severely wounded.
The two-headed ogre hits you with a +0 giant club!
* * * LOW HITPOINT WARNING * * *
The two-headed ogre hits you with a +0 giant club!!
You die...

#.##.#.......# #.##
#.##.#)......# #..##
#.#..#.....<.# #...#
#.#.##.......# ##.##
#.#.##<......# #.# #.......###.##
#.# ###.###.# #.# #.# ###≈###
#.###.# #.# ### ##≈≈≈≈≈###....@#
#.# #.. ##≈≈≈≈≈≈≈##.###O# #.# #.#
#≈≈....≈≈≈#.# #.#####.# #.+
#≈.####≈≈≈#####Y......########.#
#≈≈##..##8.8.8...#######........#
#≈≈#_...'....[.### ####.####.#.#
#≈≈##..##8.8.8)## #.......#>#.#
##≈.####≈≈≈###..# #.##.##......
#≈≈....≈≈≈##...# #.##.##.###.#


You could see a two-headed ogre and an ice beast.

Vanquished Creatures
  2 ogres
  A centaur (D:5)
  A bullfrog (D:5)
  2 scorpions
  2 vampire bats (D:3)
  A centaur zombie (D:5)
  A centaur skeleton (D:5)
  A bullfrog skeleton (D:2)
  2 hound skeletons (D:4)
  A gnoll (D:2)
  2 adders
  2 worms (D:2)
  3 dart slugs (D:2)
  8 orcs
  2 bat skeletons (D:3)
  3 bat zombies (D:3)
  An endoplasm (D:1)
  5 goblins
  10 hobgoblins
  6 jackals
  8 kobolds
  2 quokkas
  7 ball pythons
  3 bats
  A frilled lizard (D:2)
  3 rats
80 creatures vanquished.

Notes
Turn   | Place    | Note
-------+----------+-------------------------------------------
     0 | D:5      | Reached skill level 9 in Stealth
     0 | D:5      | hatdisgam the Gnoll Delver began the quest for the Orb.
     0 | D:5      | Reached XP level 1. HP: 23/23 MP: 1/1
     8 | D:5      | Noticed a two-headed ogre
    50 | D:4      | Found a white marble altar of Elyvilon.
    80 | D:4      | Noticed an ogre
   215 | D:2      | Reached XP level 2. HP: 27/29 MP: 2/2
   691 | D:2      | Reached skill level 1 in Invocations
   691 | D:2      | Reached XP level 3. HP: 32/35 MP: 2/4
   766 | D:1      | Reached skill level 1 in Short Blades
   766 | D:1      | Reached skill level 1 in Axes
   766 | D:1      | Reached skill level 1 in Maces & Flails
   766 | D:1      | Reached skill level 1 in Polearms
   766 | D:1      | Reached skill level 1 in Staves
   766 | D:1      | Reached skill level 1 in Slings
   766 | D:1      | Reached skill level 1 in Bows
   766 | D:1      | Reached skill level 1 in Crossbows
   766 | D:1      | Reached skill level 1 in Throwing
   766 | D:1      | Reached skill level 1 in Armour
   766 | D:1      | Reached skill level 1 in Shields
   766 | D:1      | Reached skill level 1 in Unarmed Combat
   766 | D:1      | Reached skill level 1 in Spellcasting
   766 | D:1      | Reached skill level 1 in Evocations
   906 | D:1      | Found Kiveaso's Weapon Shoppe.
  1426 | D:1      | Reached XP level 4. HP: 41/41 MP: 5/5
  2292 | D:2      | Reached skill level 1 in Conjurations
  2292 | D:2      | Reached skill level 1 in Hexes
  2292 | D:2      | Reached skill level 1 in Summonings
  2292 | D:2      | Reached skill level 1 in Necromancy
  2292 | D:2      | Reached skill level 1 in Translocations
  2292 | D:2      | Reached skill level 1 in Transmutations
  2292 | D:2      | Reached skill level 1 in Fire Magic
  2292 | D:2      | Reached skill level 1 in Ice Magic
  2292 | D:2      | Reached skill level 1 in Air Magic
  2292 | D:2      | Reached skill level 1 in Earth Magic
  2292 | D:2      | Reached skill level 1 in Poison Magic
  2402 | D:2      | HP: 2/41 [gnoll (12)]
  2899 | D:3      | Found a radiant altar of Vehumet.
  2980 | D:3      | Found an ancient bone altar of Kikubaaqudgha.
  2995 | D:3      | Reached XP level 5. HP: 30/47 MP: 5/7
  3410 | D:3      | Found a sparkling altar of Nemelex Xobeh.
  3466 | D:3      | Found a stormy altar of Qazlal.
  3869 | D:3      | Killed an ogre
  3870 | D:3      | Reached skill level 5 in Long Blades
  3870 | D:3      | Reached skill level 5 in Dodging
  3870 | D:3      | Reached XP level 6. HP: 8/53 MP: 8/8
  4672 | D:5      | Reached XP level 7. HP: 46/59 MP: 10/10
  5704 | D:5      | Found a shimmering blue altar of Sif Muna.
  5756 | D:5      | Mangled by a two-headed ogre

Illustrated notes

Levels and vault maps discovered:
D:1:      dpeg_arrival_morbid_curiosity, layout_loops_ring, serial_shops, shop
D:2:      layout_basic, cheibrodos_gnoll_hut
D:3:      layout_rooms, lemuel_crystal_altar, grunt_qazlal_sundering,
          kennysheep_vampire_church, old_standard_altar
D:4:      layout_rooms, lemuel_doored_altar, kennysheep_generic_room_15
D:5:      layout_loops_cross, kennysheep_orc_sif_temple, kennysheep_little_box,
          beargit_hepliaklqana_dungeon_heroes, general_overflow_altar,
          minmay_misc_feat_more_columns, minmay_puff

Skill      XL: |  1  2  3  4  5  6  7 |
---------------+----------------------+-----
Stealth        | |  9.9
Invocations    | 1 2 3 |  3.0
Short Blades   | 1 2 |  2.7
Axes           | 1 2 |  2.7
Maces & Flails | 1 2 |  2.7
Polearms       | 1 2 |  2.7
Staves         | 1 2 |  2.7
Slings         | 1 2 |  2.7
Bows           | 1 2 |  2.7
Crossbows      | 1 2 |  2.7
Throwing       | 1 2 |  2.7
Armour         | 1 2 |  2.7
Shields        | 1 2 |  2.7
Unarmed Combat | 1 2 |  2.7
Spellcasting   | 1 2 |  2.7
Evocations     | 1 2 |  2.7
Conjurations   | 1 2 |  2.2
Hexes          | 1 2 |  2.2
Summonings     | 1 2 |  2.2
Necromancy     | 1 2 |  2.2
Translocations | 1 2 |  2.2
Transmutations | 1 2 |  2.2
Fire Magic     | 1 2 |  2.2
Ice Magic      | 1 2 |  2.2
Air Magic      | 1 2 |  2.2
Earth Magic    | 1 2 |  2.2
Poison Magic   | 1 2 |  2.2
Long Blades    | 5 |  5.3
Dodging        | 5 |  5.3
Fighting       | 7 |  7.1

Action                   |  1- 3 |  4- 6 |  7- 9 || total
-------------------------+-------+-------+-------++-------
Melee: Falchion          |    47 |       |       ||    47
       Bite              |     6 |    15 |     3 ||    24
       Spear             |    10 |   153 |    49 ||   212
       Punch             |       |     1 |       ||     1
Evoke: Wand              |       |       |     5 ||     5
  Use: Scroll            |       |     3 |       ||     3
       Potion            |       |       |     7 ||     7
 Stab: Sleeping          |     9 |    21 |     1 ||    31
       Distracted        |       |     1 |     1 ||     2
Armor: Leather armour    |     7 |    24 |    11 ||    42
Dodge: Dodged            |    30 |    73 |    51 ||   154
       Rpst.: Falchion   |     9 |       |       ||     9

Table legend: (Time is in decaauts)
 A = Elapsed time spent in this place.
 B = Non-inter-level travel time spent in this place.
 C = Inter-level travel time spent in this place.
 D = Time resting spent in this place.
 E = Time spent auto-exploring this place.
 F = Levels seen in this place.
 G = Mean time per level.
                   A        B        C        D        E       F      G
               +--------+--------+--------+--------+--------+-----+--------+
         Total |   5754 |   5533 |    221 |    695 |   3850 |   5 | 1150.8 |
       Dungeon |   5754 |   5533 |    221 |    695 |   3850 |   5 | 1150.8 |
               +--------+--------+--------+--------+--------+-----+--------+

Top non-repeatable levels by time:
     D:2: 1793 daAuts
     D:4: 1298 daAuts
     D:3: 1175 daAuts
     D:1: 890 daAuts
     D:5: 595 daAuts
